AoeStats
← wxm

Arena

509609538Analyzed
1v1 RM · 5d ago on Sep 27, 2026· 61m 58s· 2 players
Game mode
Random Map
Map size
Tiny (2 player)
Population
200
Speed
Normal
Resources
Standard
Victory
Conquest
Starting age
Dark Age
Ending age
Imperial Age
RankedLock teamsTeams togetherTeam positionsShared explorationLock speedFull tech treeHidden civsTurbo modeCheats
Victory
Defeat
🇧🇪 Japanese · Belgium
381
+16
🇨🇳 Teutons · China
377
-16
wxm
11:14 Feudal Age
12:02 Horse Collar
12:53 Double-Bit Axe
14:42 Wheelbarrow
13:58 Double-Bit Axe
20:01 Forging
19:58 Scale Mail Armor
22:05 Castle Age
21:37 Fletching
21:46 Stone Mining
22:38 Gold Mining
23:11 Hand Cart
24:50 Bow Saw
25:56 Iron Casting
25:17 Bodkin Arrow
26:45 Chain Mail Armor
26:55 Heavy Plow
29:00 Bow Saw
29:28 Stone Shaft Mining
29:50 Town Watch
31:06 Ironclad
32:27 Masonry
34:04 Ballistics
33:39 Guard Tower
36:52 Imperial Age
37:45 Padded Archer Armor
37:51 Scale Barding Armor
37:59 Fortified Wall
39:15 Guilds
39:59 Capped Ram
41:01 Elite Teutonic Knight
43:58 Crop Rotation
46:20 Hoardings
46:09 Conscription
45:36 Cavalier
48:46 Chemistry
52:44 Blast Furnace
54:27 Bloodlines
60:49 Crenellations
61:20 Crenellations
61:27 Crenellations
laenen_bart86
10:33 Feudal Age
10:56 Horse Collar
23:03 Castle Age
21:48 Bloodlines
22:43 Gold Mining
22:44 Stone Mining
26:10 Husbandry
30:25 Heavy Plow
33:56 Imperial Age
32:43 Ballistics
34:45 Wheelbarrow
35:16 Conscription
36:06 Chemistry
35:53 Thumb Ring
36:06 Forging
36:02 Padded Archer Armor
35:55 Fletching
39:17 Iron Casting
38:46 Scale Mail Armor
Connection lost

Rejoining the realm…

Still unreachable

The connection could not be restored.

Session expired

The server has moved on; the page needs a fresh start.